 Dungeon Crawl Stone Soup version 0.18-a0-1485-g189885c (webtiles) character file.

182 uiiiytp the Firebug (level 5, 0/31 HPs)
             Began as a High Elf Fire Elementalist on Mar 3, 2016.
             Succumbed to a worker ant's poison
             ... on level 3 of the Dungeon.
             The game lasted 00:34:58 (5265 turns).

uiiiytp the Firebug (High Elf Fire Elementalist)    Turns: 5265, Time: 00:34:58

Health: 0/31       AC:  3    Str:  7    XL:     5   Next: 35%
Magic:  1/11       EV: 13    Int: 24    God:
Gold:   127        SH:  0    Dex: 16    Spells: 2 memorised, 8 levels left

rFire  . . .     SeeInvis .     Q - +0 dagger (freeze)
rCold  . . .     Gourm    .     a - +0 robe
rNeg   . . .     Faith    .     (no shield)
rPois  .         Spirit   .     (no helmet)
rElec  .         Dismiss  .     (no cloak)
rCorr  .         Reflect  .     y - +0 pair of gloves
SustAt .         Harm     .     (no boots)
MR     .....                    (no amulet)
Stlth  ++........               (no ring)
                                (no ring)

@: brilliant, lethally poisoned (0 -> -3), very slightly contaminated, hasted,
very quick, not resistant to hostile enchantments, unstealthy
A: no striking features
a: no special abilities


You were on level 3 of the Dungeon.
You were hungry.

You visited 1 branch of the dungeon, and saw 3 of its levels.

You collected 127 gold pieces.

Inventory:

Hand Weapons
 c - a +0 short sword
 d - a +0 spear
 e - a +0 club
 j - a +0 club
 l - a +0 short sword
 o - a +0 club
 p - a +0 spear
 r - a +0 club
 s - a +0 short sword
 t - a +0 whip
 u - a +0 short sword
 z - a +0 short sword
 B - a +0 trident
 F - a +0 mace
 H - a +0 club
 M - a +0 club
 Q - a +0 dagger of freezing (weapon)
 S - a +0 short sword
Missiles
 q - 78 stones (quivered)
 G - 3 tomahawks
 I - 15 poisoned needles
Armour
 a - a +0 robe (worn)
 f - a +0 scale mail
 i - a +0 ring mail
 n - a cursed +0 robe
 y - a +0 pair of gloves (worn)
 A - a +0 helmet
 L - a +0 leather armour
 N - a +0 buckler
 O - a +0 chain mail
 P - a +0 leather armour
Jewellery
 E - an uncursed amulet of faith
Wands
 J - a wand of flame (7/48)
Scrolls
 h - a scroll of recharging
 m - a scroll of remove curse {unknown}
 v - a scroll of noise {unknown}
 w - 3 scrolls of teleportation {unknown}
 x - a scroll of random uselessness {unknown}
 C - 2 scrolls of identify
Potions
 g - a potion of cancellation
Books
 b - a book of Flames

   Spells                             Type                      Level
   a - Flame Tongue                   Conjuration/Fire             1
   b - Throw Flame                    Conjuration/Fire             2
   c - Conjure Flame                  Conjuration/Fire             3
   d - Inner Flame                    Hexes/Fire                   3
   e - Sticky Flame                   Conjuration/Fire             4
   f - Fireball                       Conjuration/Fire             5


   Skills:
 + Level 0.2 Fighting
 + Level 0.2 Short Blades
 + Level 0.2 Throwing
 + Level 3.2 Dodging
 + Level 3.3 Stealth
 + Level 3.6 Spellcasting
 + Level 2.2 Conjurations
 + Level 4.0 Fire Magic


You had 8 spell levels left.
You knew the following spells:

 Your Spells              Type           Power        Failure   Level  Hunger
a - Flame Tongue          Conj/Fire      ####.        1%          1    None
b - Throw Flame           Conj/Fire      ####..       1%          2    #......


Dungeon Overview and Level Annotations

Branches:
Dungeon (3/15)

Altars:
Kikubaaqudgha


Message History

Drink which item? (? for menu, Esc to quit)
It was a potion of brilliance.
You feel clever all of a sudden. The worker ant barely misses you.
You are feeling hungry.
* * * LOW HITPOINT WARNING * * *
You feel sick.
* * * LOW HITPOINT WARNING * * *
You feel sick.
* * * LOW HITPOINT WARNING * * *
You feel sick.
You aren't carrying any food.
A jackal comes into view. x2
A jackal comes into view.
* * * LOW HITPOINT WARNING * * *
You feel sick.
A jackal comes into view.
The jackal barks!
The jackal barks!
You die...

###...# #...h...##.....#≈.
###.#####.......##.#.###≈.
#.....#...h...##...# #≈.
#####a.h..h...#..### #≈.
######### ##..........## ###
#.......# #..........## #
#.......# ##.###......## #
#.......# ###.......##..#### #
#....%..###..@.##.#..##....###
#...........#.....##.#####..#.
#......(######...###..# ##...
#........###...........#####..
#.........#..#########........
#.......#(..### ##......
#########.....# ##......
##)##.# #......> #....#
#.....##


You could see a worker ant and a jackal.

Vanquished Creatures
  An orc wizard (D:3)
  An orc priest (D:3)
  4 adders
  A gnoll (D:1)
  2 worms
  2 dart slugs (D:1)
  2 giant geckos
  6 orcs (D:3)
  A ball python (D:2)
  A bat zombie (D:3)
  2 giant cockroaches
  5 goblins
  6 hobgoblins
  A quokka (D:2)
  7 bats
  4 giant newts
  8 kobolds
  8 rats
  2 rat zombies (D:3)
64 creatures vanquished.

Notes
Turn   | Place    | Note
--------------------------------------------------------------
     0 | D:1      | uiiiytp the High Elf Fire Elementalist began the quest for the Orb.
     0 | D:1      | Reached XP level 1. HP: 11/11 MP: 4/4
   482 | D:1      | Reached XP level 2. HP: 17/17 MP: 1/6
   490 | D:1      | Learned a level 2 spell: Throw Flame
  1406 | D:1      | Reached XP level 3. HP: 7/21 MP: 0/8
  2830 | D:2      | Reached XP level 4. HP: 27/27 MP: 2/9
  4738 | D:3      | Reached XP level 5. HP: 29/31 MP: 1/11
  4925 | D:3      | Found an ancient bone altar of Kikubaaqudgha.
  4947 | D:3      | Reached skill level 4 in Fire Magic
  5261 | D:3      | HP: 1/31 [poisoned by a worker ant]
  5265 | D:3      | Succumbed to a worker ant's poison

Vault maps used:
D:1:      minmay_arrival_four_houses
D:2:      first_bread
D:3:      lemuel_zombie_altar_kikubaaqudgha

Skill      XL: |  1  2  3  4  5 |
---------------+----------------+-----
Spellcasting   | 3 |  3.6
Stealth        | 3 |  3.3
Conjurations   | 2 |  2.2
Fire Magic     | 4 |  4.0
Dodging        | 3 |  3.2
Fighting       | |  0.2
Short Blades   | |  0.2
Throwing       | |  0.2

Action                   |  1- 3 |  4- 6 || total
-------------------------+-------+-------++-------
Melee: Short sword       |    25 |    27 ||    52
       Dagger            |       |    42 ||    42
Throw: Stone             |       |     1 ||     1
 Cast: Flame Tongue      |    17 |     4 ||    21
       Throw Flame       |    33 |    46 ||    79
Evoke: Wand              |       |     1 ||     1
  Use: Scroll            |     3 |       ||     3
       Potion            |     2 |     4 ||     6
  Eat: Chunk             |     4 |     2 ||     6
       Bread ration      |     1 |     1 ||     2
       Beef jerky        |       |     1 ||     1
